 Dungeon Crawl Stone Soup version 0.24.0-123-gd5b16e6ec5 (webtiles) character file.

Game seed: 8427641238086888659, levelgen mode: deterministic

36 DeadFury222 the Cutter (level 3, -8/24 HPs)
             Began as a Kobold Berserker on Jan 17, 2020.
             Was a Believer of Trog.
             Mangled by Sigmund
             ... wielding a +0 scythe
              (13 damage)
             ... on level 2 of the Dungeon.
             The game lasted 00:03:54 (1596 turns).

DeadFury222 the Cutter (Kobold Berserker)           Turns: 1596, Time: 00:03:55

Health: -8/24      AC:  3    Str: 15    XL:     3   Next: 57%
Magic:  3/3        EV: 15    Int:  8    God:    Trog [**....]
Gold:   75         SH:  0    Dex: 14    Spells: 2/2 levels left

rFire    . . .     SeeInvis .   a - +0 short sword
rCold    . . .     Gourm    .   (shield restricted)
rNeg     . . .     Faith    .   e - +0 leather armour
rPois    .         Spirit   .   (no helmet)
rElec    .         Reflect  .   (no cloak)
rCorr    .         Harm     .   (no gloves)
MR       .....                  (no boots)
Stlth    +.........             (no amulet)
HPRegen  0.08/turn              (no ring)
MPRegen  0.08/turn              (no ring)

@: berserk cooldown, slowed, very slow
A: small, carnivore
a: Berserk, Trog's Hand, Renounce Religion


You were on level 2 of the Dungeon.
You worshipped Trog.
Trog was pleased with you.
You were very full.

You visited 1 branch of the dungeon, and saw 2 of its levels.

You collected 75 gold pieces.

Inventory:

Hand Weapons
 a - a +0 short sword (weapon)
Armour
 e - a +0 leather armour (worn)
Scrolls
 b - a scroll of teleportation {unknown}
 d - a scroll of enchant weapon {unknown}
 f - 2 scrolls of identify
 g - a scroll of remove curse
Potions
 h - a potion of degeneration {unknown}
Comestibles
 c - a ration
 i - 8 chunks of flesh


   Skills:
 + Level 3.7 Fighting
 * Level 5.0 Short Blades
 - Level 1.5 Armour
 + Level 3.0 Dodging


You had 2 spell levels left.
You didn't know any spells.
Your spell library was empty.

Dungeon Overview and Level Annotations

Branches:
Dungeon (2/15)

Altars:
Ashenzari

Annotations:
D:2 Sigmund


Innate Abilities, Weirdness & Mutations

You are small and have problems with some larger weapons.
You are carnivorous and can eat meat at any time.


Message History

You are no longer berserk.
You are exhausted.
You feel yourself slow down.
You hit the frilled lizard.
You kill the frilled lizard!
Trog accepts your kill. Something hits you but does no damage.
Something barely misses you. The kobold closely misses you.
You feel less confused. Something hits you.
You barely miss the kobold. The kobold barely misses you. Something hits you.
* * * LOW HITPOINT WARNING * * *
The kobold hits you but does no damage.
You closely miss the kobold. The kobold hits you.
* * * LOW HITPOINT WARNING * * *
You hit the kobold.
The kobold is moderately wounded.
Something hits you!
Ouch! That really hurt!
You die...

...#......# ...+......#
#####. ##.#......#
#...... ...+......#
....... ##.#......####
....... ..............
.......
##..#.....#######.......
##..##..................
.......#(.....{K@.......
.#.###.#((..............
.#.# #.#................
.#.# ###................
.#.# #..../...........
.. #..........###### #
#..........#
#..........#
#..........#


You could see a kobold.

Vanquished Creatures
  2 worms (D:2)
  A leopard gecko (D:1)
  A giant cockroach (D:1)
  4 goblins
  2 hobgoblins (D:1)
  A jackal (D:2)
  A quokka (D:2)
  5 bats (D:1)
  3 frilled lizards
  2 kobolds (D:1)
  6 rats
28 creatures vanquished.

Notes
Turn   | Place    | Note
-------+----------+-------------------------------------------
     0 | D:1      | DeadFury222 the Kobold Berserker began the quest for the
                  | Orb.
     0 | D:1      | Reached XP level 1. HP: 14/14 MP: 1/1
   231 | D:1      | Found a shattered altar of Ashenzari.
   248 | D:1      | Reached XP level 2. HP: 16/19 MP: 2/2
   792 | D:1      | Reached XP level 3. HP: 22/23 MP: 3/3
  1490 | D:2      | Reached skill level 5 in Short Blades
  1503 | D:2      | Reached ** piety under Trog
  1574 | D:2      | Noticed Sigmund
  1596 | D:2      | Mangled by Sigmund

Levels and vault maps discovered:
D:1:      minmay_arrival_semitransparent, layout_loops_ring,
          evilmike_ruin_ashenzari
D:2:      layout_basic, minmay_between, uniq_sigmund

Skill      XL: |  1  2  3 |
---------------+----------+-----
Dodging        | 3 |  3.0
Short Blades   | 5 |  5.0
Fighting       | |  3.7
Armour         | |  1.5

Action                   || total
-------------------------++-------
Melee: Short sword       ||   109
Invok: Berserk           ||     3
  Use: Scroll            ||     2
 Stab: Sleeping          ||     1
  Eat: Chunk             ||    12
Armor: Animal skin       ||     1
       Leather armour    ||     7
Dodge: Dodged            ||    77
